 Dungeon Crawl Stone Soup version 0.18.1-48-g4cf74bf (webtiles) character file.

1310 vekeng the Covered (level 8, -8/71 HPs)
             Began as a Minotaur Fighter on Aug 31, 2016.
             Was a Follower of Qazlal.
             Mangled by an orc warrior
             ... wielding a +0 mace
              (10 damage)
             ... on level 6 of the Dungeon.
             The game lasted 00:34:55 (4878 turns).

vekeng the Covered (Minotaur Fighter)               Turns: 4878, Time: 00:34:55

Health: -8/71      AC: 15    Str: 26    XL:     8   Next: 32%
Magic:  7/7        EV: 10    Int:  5    God:    Qazlal [*.....]
Gold:   275        SH: 12    Dex:  9    Spells: 0 memorised, 7 levels left

rFire  . . .     SeeInvis .     J - +2 flail (protect)
rCold  . . .     Gourm    .     b - +0 scale mail
rNeg   . . .     Faith    .     c - +0 shield
rPois  .         Spirit   .     (helmet restricted)
rElec  .         Dismiss  .     D - +0 cloak
rCorr  .         Reflect  .     (no gloves)
SustAt .         Harm     .     o - +0 pair of boots
MR     .....                    (no amulet)
Stlth  ..........               (no ring)
                                (no ring)

@: not resistant to hostile enchantments, extremely unstealthy
A: retaliatory headbutt, horns 2, blurry vision 1, high mp 1, strong 1
a: Renounce Religion


You were on level 6 of the Dungeon.
You worshipped Qazlal.
Qazlal was aware of your devotion.
You were not hungry.

You visited 1 branch of the dungeon, and saw 6 of its levels.

You collected 275 gold pieces.

Inventory:

Hand Weapons
 a - a +0 war axe
 E - a +2 flail of holy wrath
 I - a +0 flail of crushing
 J - a +2 flail of protection (weapon)
Missiles
 e - 6 javelins (quivered)
Armour
 b - a +0 scale mail (worn)
 c - a +0 shield (worn)
 h - a +0 scale mail
 o - a +0 pair of boots (worn)
 D - a +0 cloak (worn)
Jewellery
 t - an uncursed amulet of the gourmand {unknown}
 A - an uncursed ring of see invisible {unknown}
 B - a cursed ring of teleportation {unknown}
Wands
 G - a wand of slowing (32/48)
Scrolls
 j - 3 scrolls of identify {unknown}
 l - 4 scrolls of immolation {unknown}
 m - 2 scrolls of remove curse {unknown}
 p - a scroll of fog {unknown}
 r - a scroll of random uselessness {unknown}
 u - a scroll of magic mapping {unknown}
 v - a scroll of enchant armour {unknown}
 x - a scroll of blinking {unknown}
 y - a scroll of teleportation {unknown}
Potions
 d - 3 potions of might
 g - a potion of berserk rage
 i - a potion of degeneration {unknown}
 k - 4 potions of agility
 n - a potion of resistance {unknown}
 q - a potion of mutation
 w - 2 potions of curing
 C - a potion of invisibility {unknown}
 F - a potion of flight
Books
 H - a Young Poisoner's Handbook

   Spells                             Type                      Level
   a - Sting                          Conjuration/Poison           1
   b - Cure Poison                    Poison                       2
   c - Mephitic Cloud                 Conjuration/Poison/Air       3
   d - Olgreb's Toxic Radiance        Poison                       4
   e - Venom Bolt                     Conjuration/Poison           5
Comestibles
 f - 4 bread rations
 s - a slice of pizza
 z - a beef jerky


   Skills:
 + Level 6.4 Fighting
 + Level 4.4(4.9) Axes
 + Level 3.0(4.2) Maces & Flails
 + Level 7.1 Armour
 + Level 4.4 Dodging
 + Level 1.2 Stealth
 + Level 6.1 Shields


You had 7 spell levels left.
You didn't know any spells.

Dungeon Overview and Level Annotations

Branches:
Dungeon (6/15)             Temple (0/1) D:5

Altars:
Qazlal

Shops:
D:5 *


Innate Abilities, Weirdness & Mutations

You reflexively headbutt those who attack you in melee.
You have a pair of horns on your head.
Scrolls take you a little longer to read.
You have an increased reservoir of magic (+10% MP).
Your muscles are strong. (Str +2)


Message History

Qazlal accepts your kill.
You barely miss the orc warrior.
The orc warrior is moderately wounded.
The orc warrior hits you but does no damage.
You completely miss the orc. You headbutt the orc!
You kill the orc!
Qazlal accepts your kill. You block the orc warrior's attack.
You closely miss the orc warrior.
You headbutt the orc warrior, but do no damage.
The orc warrior is moderately wounded.
You block the orc warrior's attack. The orc warrior hits you with a mace!
* * * LOW HITPOINT WARNING * * *
You closely miss the orc warrior.
The orc warrior is moderately wounded.
You block the orc warrior's attack.
You sock the orc warrior! Your headbutt misses the orc warrior.
The orc warrior is severely wounded.
The orc warrior hits you with a mace!
You die...

###########
#.........#
#....<....#
#.........#
#.....))..#
#.....)...# .#
#....>..ยง.# .#
#......@o.#
#.#####
#######))##
.......
##..####.......
##............
#.......[....
#.........[..
###..........
#..........
#..$.......


You could see an orc warrior.

Vanquished Creatures
  Edmund (D:4)
  A black bear (D:5)
  An orc warrior (D:6)
  A phantom (D:4)
  3 ogres
  A centaur (D:5)
  A scorpion (D:5)
  A crimson imp (D:4)
  3 hounds
  An orc priest (D:6)
  A giant frog skeleton (D:5)
  Natasha (thrice) (D:4)
  An orc wizard (D:6)
  A worker ant (D:6)
  A hound skeleton (D:5)
  4 gnolls (D:5)
  6 adders
  2 oozes
  2 worms (D:2)
  4 dart slugs
  A giant gecko (D:3)
  11 orcs
  2 ball pythons
  4 giant cockroaches
  6 goblins
  6 hobgoblins
  12 jackals
  2 quokkas (D:5)
  10 bats
  A giant gecko zombie (D:5)
  5 giant newts
  7 kobolds
  37 rats
143 creatures vanquished.

Notes
Turn   | Place    | Note
--------------------------------------------------------------
     0 | D:1      | vekeng the Minotaur Fighter began the quest for the Orb.
     0 | D:1      | Reached XP level 1. HP: 19/19 MP: 0/0
   131 | D:1      | Reached XP level 2. HP: 27/27 MP: 1/1
   205 | D:1      | Reached skill level 4 in Armour
   784 | D:2      | Reached XP level 3. HP: 30/33 MP: 2/2
  1207 | D:2      | Reached XP level 4. HP: 23/41 MP: 3/3
  2219 | D:3      | Reached skill level 1 in Dodging
  2727 | D:3      | Found a stormy altar of Qazlal.
  2742 | D:3      | Became a worshipper of Qazlal Stormbringer
  2834 | D:4      | Reached XP level 5. HP: 46/47 MP: 4/4
  2878 | D:4      | Reached skill level 5 in Armour
  3160 | D:4      | Noticed Natasha
  3175 | D:4      | Killed Natasha
  3269 | D:4      | Noticed an ogre
  3278 | D:4      | Killed an ogre
  3278 | D:4      | Reached skill level 5 in Fighting
  3278 | D:4      | Reached XP level 6. HP: 56/56 MP: 5/5
  3390 | D:4      | Noticed Natasha
  3403 | D:4      | Killed Natasha
  3461 | D:4      | Noticed Edmund
  3474 | D:4      | Killed Edmund
  3474 | D:4      | Reached skill level 5 in Shields
  3655 | D:4      | Reached XP level 7. HP: 59/61 MP: 6/6
  3711 | D:4      | Reached skill level 6 in Armour
  3883 | D:4      | Noticed Natasha
  3901 | D:4      | Killed Natasha
  3938 | D:5      | Entered Level 5 of the Dungeon
  3953 | D:5      | Found a staircase to the Ecumenical Temple.
  4021 | D:5      | Reached skill level 1 in Maces & Flails
  4459 | D:5      | Found Olufesch's Assorted Antiques.
  4514 | D:5      | Reached * piety under Qazlal
  4518 | D:5      | Reached skill level 1 in Stealth
  4518 | D:5      | Reached XP level 8. HP: 59/70 MP: 7/7
  4631 | D:5      | Reached skill level 7 in Armour
  4815 | D:6      | Gained mutation: You have an increased reservoir of magic (+10% MP). [potion of mutation]
  4815 | D:6      | Gained mutation: Your muscles are strong. (Str +2) [potion of mutation]
  4815 | D:6      | Gained mutation: Scrolls take you a little longer to read. [potion of mutation]
  4876 | D:6      | HP: 2/71 [orc warrior/mace (7)]
  4878 | D:6      | Mangled by an orc warrior

Skill      XL: |  1  2  3  4  5  6  7  8 |
---------------+-------------------------+-----
Fighting       | 4 5 6 |  6.4
Armour         | 4 5 6 7 |  7.1
Shields        | 4 5 6 |  6.1
Dodging        | 1 2 3 4 |  4.4
Axes           | 3 4 |  4.4
Maces & Flails | 2 3 |  3.0
Stealth        | 1 |  1.2

Action                   |  1- 3 |  4- 6 |  7- 9 || total
-------------------------+-------+-------+-------++-------
Melee: War axe           |    87 |   170 |       ||   257
       Headbutt          |    10 |    24 |    18 ||    52
       Flail             |       |     6 |    97 ||   103
  Use: Potion            |       |       |     4 ||     4
  Eat: Meat ration       |     1 |     1 |       ||     2
       Beef jerky        |       |       |     3 ||     3
Armor: Scale mail        |    42 |    77 |    47 ||   166
Dodge: Dodged            |    29 |    49 |    45 ||   123
Block: Shield            |    43 |    79 |    93 ||   215
